 Dungeon Crawl Stone Soup version 0.31-a0-620-gd1cbd99268 (webtiles) character file.

Game seed: 2721239006150504062

39 Maratek the Shield-Bearer (level 3, 35/35 HPs)
             Began as a Gnoll Fighter on Aug 23, 2023.
             Quit the game on level 1 of the Dungeon.
             The game lasted 00:00:54 (750 turns).

Maratek the Shield-Bearer (Gnoll Fighter)            Turns: 750, Time: 00:00:55

Health: 35/35      AC:  7    Str: 17    XL:     3   Next: 45%
Magic:  4/4        EV:  9    Int:  7    God:
Gold:   0          SH:  5    Dex: 11    Spells: 3/3 levels left

rFire   . . .        a - +0 war axe
rCold   . . .        c - +0 buckler
rNeg    . . .        b - +0 scale mail
rPois   .            (no helmet)
rElec   .            (no cloak)
rCorr   .            (no gloves)
SInv    .            (no boots)
Will    .....        (no amulet) Stlth
                     (no ring)
HPRegen 0.25/turn    (no ring)
MPRegen 0.09/turn

%: no passive effects
@: no status effects
A: fangs 1, strong nose, distributed training
a: no special abilities


You were on level 1 of the Dungeon.
You visited 1 branch of the dungeon, and saw 1 of its levels.

Inventory:

Hand Weapons
 a - a +0 war axe (weapon)
Armour
 b - a +0 scale mail (worn)
 c - a +0 buckler (worn)
Scrolls
 e - a scroll of identify {unknown}
 f - a scroll of noise {unknown}
 g - a scroll of poison {unknown}
Potions
 d - a potion of might


   Skills:
 + Level 6.5 Fighting
 + Level 0.8 Short Blades
 + Level 0.8 Long Blades
 + Level 4.5 Axes
 + Level 0.8 Maces & Flails
 + Level 0.8 Polearms
 + Level 0.8 Staves
 + Level 0.8 Ranged Weapons
 + Level 0.8 Throwing
 + Level 6.5 Armour
 + Level 0.8 Dodging
 + Level 0.8 Stealth
 + Level 6.5 Shields
 + Level 0.8 Unarmed Combat
 + Level 0.8 Spellcasting
 + Level 0.5 Conjurations
 + Level 0.5 Hexes
 + Level 0.5 Summonings
 + Level 0.5 Necromancy
 + Level 0.5 Translocations
 + Level 0.5 Transmutations
 + Level 0.5 Fire Magic
 + Level 0.5 Ice Magic
 + Level 0.5 Air Magic
 + Level 0.5 Earth Magic
 + Level 0.5 Poison Magic
 + Level 1.0 Invocations
 + Level 0.8 Evocations
 + Level 0.7 Shapeshifting


You had 3 spell levels left.
You didn't know any spells.
Your spell library was empty.

Dungeon Overview and Level Annotations

Branches:
Dungeon (1/15)

Altars:


Innate Abilities, Weirdness & Mutations

You have very sharp teeth.
Your uncanny sense of smell can sniff out nearby items.
Your experience applies equally to all skills.


Message History

You kill the quokka!
Your Invocations skill increases to level 1!
No target in view!
No target in view!
You see here a giant cockroach corpse.
You see here a +0 falchion.
A bat and a kobold come into view.
The kobold shouts!
The bat hits you but does no damage.
A kobold comes into view. It is wielding a +0 short sword.
The bat closely misses you.
There are monsters nearby!
There are monsters nearby!
You closely miss the bat.
The kobold shouts!
The bat hits you but does no damage. You block the bat's attack.
The bat hits you but does no damage.
You hit the bat.
You kill the bat!
You hit the kobold but do no damage. You closely miss the kobold.
You slash the kobold!
You kill the kobold!
The kobold hits you with a +0 short sword.
The kobold barely misses you.
You slash the kobold!
You kill the kobold!
No target in view!
No target in view!
Things that are here:
a +0 dagger; 5 stones
Things that are here:
a +0 short sword; 4 stones; a kobold corpse Done exploring.
Done exploring.
Done exploring.
No target in view!
No target in view!
No target in view!
Unknown command.
Are you sure you want to abandon this character and quit the game? (Confirm with "yes".)

#.#########.#
##....########
#.#########.##########.#
#.. #................#
#.# #.#
###########.####.# #.#
#.# #.# #.#####.# #.#
#.# #.).....# #.# #.#
######### #.#
#.########### #.#
#.##@.......# #.#
#....######.# #.# ######
#)#######.# #)........#
###########


There were no monsters in sight!

Vanquished Creatures
  A dart slug (D:1)
  3 ball pythons (D:1)
  3 endoplasms (D:1)
  A giant cockroach (D:1)
  2 goblins (D:1)
  2 hobgoblins (D:1)
  4 jackals (D:1)
  6 kobolds (D:1)
  2 quokkas (D:1)
  5 bats (D:1)
  3 rats (D:1)
32 creatures vanquished.

Notes
Turn   | Place    | Note
-------+----------+-------------------------------------------
     0 | D:1      | Maratek the Gnoll Fighter began the quest for the Orb.
     0 | D:1      | Reached XP level 1. HP: 23/23 MP: 1/1
   177 | D:1      | Reached XP level 2. HP: 29/29 MP: 2/2
   363 | D:1      | Reached XP level 3. HP: 26/35 MP: 3/3
   645 | D:1      | Reached skill level 1 in Invocations
   750 | D:1      | Quit the game

Illustrated notes

Levels and vault maps discovered:
D:1:      dpeg_arrival_leaves_temple_mockup, layout_loops_ring

Skill      XL: |  1  2  3 |
---------------+----------+-----
Invocations    | 1 |  1.0
Fighting       | |  6.5
Short Blades   | |  0.8
Long Blades    | |  0.8
Axes           | |  4.5
Maces & Flails | |  0.8
Polearms       | |  0.8
Staves         | |  0.8
Ranged Weapons | |  0.8
Throwing       | |  0.8
Armour         | |  6.5
Dodging        | |  0.8
Stealth        | |  0.8
Shields        | |  6.5
Unarmed Combat | |  0.8
Spellcasting   | |  0.8
Conjurations   | |  0.5
Hexes          | |  0.5
Summonings     | |  0.5
Necromancy     | |  0.5
Translocations | |  0.5
Transmutations | |  0.5
Fire Magic     | |  0.5
Ice Magic      | |  0.5
Air Magic      | |  0.5
Earth Magic    | |  0.5
Poison Magic   | |  0.5
Evocations     | |  0.8
Shapeshifting  | |  0.7

Action                     || total
---------------------------++-------
  Melee: War axe           ||    72
         Bite              ||     2
 Armour: Scale mail        ||    30
  Dodge: Dodged            ||    37
  Block: Buckler           ||    25

Table legend: (Time is in decaauts)
 A = Elapsed time spent in this place.
 B = Non-inter-level travel time spent in this place.
 C = Inter-level travel time spent in this place.
 D = Time resting spent in this place.
 E = Time spent auto-exploring this place.
 F = Levels seen in this place.
 G = Mean time per level.
                   A        B        C        D        E       F      G
               +--------+--------+--------+--------+--------+-----+--------+
         Total |    772 |    772 |      0 |      0 |    613 |   1 |  772.0 |
       Dungeon |    772 |    772 |      0 |      0 |    613 |   1 |  772.0 |
               +--------+--------+--------+--------+--------+-----+--------+

Top non-repeatable levels by time:
     D:1: 772 daAuts
